 Dungeon Crawl Stone Soup version 0.24.0-29-g8ce449bc06 (webtiles) character file.

Game seed: 6026856035691703515, levelgen mode: deterministic

2389 Froggeryz the Basher (level 9, -4/48 HPs)
             Began as a Gargoyle Gladiator on Nov 16, 2019.
             Killed by divine providence
             ... invoked by an orc priest
              (16 damage)
             ... on level 7 of the Dungeon.
             The game lasted 00:08:47 (6533 turns).

Froggeryz the Basher (Gargoyle Gladiator)           Turns: 6533, Time: 00:08:47

Health: -4/48      AC: 14    Str: 19    XL:     9   Next: 46%
Magic:  9/9        EV: 12    Int: 10    God:
Gold:   344        SH:  5    Dex: 12    Spells: 8/8 levels left

rFire    + . .     SeeInvis .   D - +2 mace (crush)
rCold    . . .     Gourm    .   y - +0 buckler
rNeg     + . .     Faith    .   w - +2 leather armour {rF+}
rPois    ∞         Spirit   .   c - +0 helmet
rElec    +         Reflect  .   C - +0 cloak
rCorr    .         Harm     .   (no gloves)
MR       .....                  e - +0 pair of boots
Stlth    +.........             (no amulet)
HPRegen  0.16/turn              j - ring of flight
MPRegen  0.11/turn              (no ring)

@: no status effects
A: negative energy resistance 1, electricity resistance, unbreathing,
petrification resistance, rot immunity, AC +6
a: Evoke Flight


You were on level 7 of the Dungeon.
You were near starving.

You visited 2 branches of the dungeon, and saw 8 of its levels.

You collected 344 gold pieces.

Inventory:

Hand Weapons
 D - a +2 mace of crushing (weapon)
Missiles
 d - 3 throwing nets
 t - 27 poisoned darts (quivered)
Armour
 c - a +0 helmet (worn)
 e - a +0 pair of boots (worn)
 w - a +2 leather armour of fire resistance (worn)
 y - a +0 buckler (worn)
 B - a +0 crystal plate armour
 C - a +0 cloak (worn)
Jewellery
 j - a ring of flight (left hand)
 E - a +3 ring of strength {unknown}
Wands
 v - a wand of digging (7)
 A - a wand of clouds (6)
 H - a wand of polymorph (9)
Scrolls
 a - 4 scrolls of remove curse {unknown}
 g - 2 scrolls of enchant weapon {unknown}
 l - 2 scrolls of blinking {unknown}
 n - 2 scrolls of teleportation {unknown}
 o - a scroll of magic mapping {unknown}
 p - a scroll of random uselessness {unknown}
 q - 3 scrolls of fog {unknown}
 r - 2 scrolls of amnesia {unknown}
 s - a scroll of immolation {unknown}
 u - 6 scrolls of identify {unknown}
Potions
 b - a potion of haste {unknown}
 h - 2 potions of curing
 i - a potion of berserk rage {unknown}
 k - 2 potions of heal wounds {unknown}
 m - a potion of mutation {unknown}
 x - a potion of agility {unknown}
 z - a potion of ambrosia {unknown}
 F - 2 potions of lignification {unknown}
 G - a potion of resistance {unknown}
Comestibles
 f - 16 rations


   Skills:
 - Level 2.1 Fighting
 + Level 11.9 Maces & Flails
 - Level 1.7 Throwing
 - Level 2.4 Dodging
 - Level 4.0 Shields


You had 8 spell levels left.
You didn't know any spells.
Your spell library contained the following spells:

 Spells                   Type           Power        Failure   Level  Hunger
 Freeze                   Ice            #...         41%         1    ##.....
 Throw Frost              Conj/Ice       #.....       56%         2    ###....
 Ozocubu's Armour         Chrm/Ice       #.......     80%         3    ####...
 Summon Ice Beast         Ice/Summ       #.......     99%         4    #####..
 Throw Icicle             Conj/Ice       #.......     99%         4    #####..


Dungeon Overview and Level Annotations

Branches:
Dungeon (7/15)             Temple (1/1) D:5

Altars:
Ashenzari
Cheibriados
Dithmenos
Elyvilon
Fedhas
Hepliaklqana
Kikubaaqudgha
Makhleb
Qazlal
Ru
Sif Muna
Trog
Uskayaw
Vehumet
Xom
Zin
The Shining One


Innate Abilities, Weirdness & Mutations

You are resistant to torment.
Your stone body is resilient. (AC +6)
You are immune to poison.
You resist negative energy. (rN+)
You are resistant to electric shocks. (rElec)
You can survive without breathing.
You are immune to petrification.
You are immune to rotting.


Message History

The black bear claws you. You block the black bear's attack.
The ice beast hits you but does no damage.
The orc priest calls down the wrath of Beogh upon you.
Beogh smites you!
* * * LOW HITPOINT WARNING * * *
A gnoll comes into view. It is wielding a +0 spear.
The gnoll shouts!
You hit the orc priest.
The orc priest is severely wounded.
You hear a shout!
The orc priest barely misses you.
An orc wizard comes into view.
It is wielding a +0 dagger and wearing a +2 robe of magic resistance.
The ice beast misses you. The black bear bites you.
* * * LOW HITPOINT WARNING * * *
The black bear closely misses you. You block the black bear's attack.
Unknown command.
It was a potion of curing.
You feel better.
The orc priest calls down the wrath of Beogh upon you.
Beogh smites you!
You die...

...... #.# # #.#..##
#.......##.##.####.#..##
......................##
.......................>
.#...#..#..#..##......#.
........................
.$.........#..##.#.#..#>
#.o..o.Y...............
....#@h...............
........................
...o....................
.gg............#.<##.##.
..................#####.
o###..............##....
#.........#....##.##.
#..)...........##....
..........#..........


You could see a black bear, an ice beast, 2 orc priests, an orc wizard, 2 gnolls
and an orc.

Vanquished Creatures
  Pikel (D:6)
  An orc warrior (D:6)
  4 slaves (D:6)
  An ice beast (D:5)
  2 sky beasts (D:5)
  2 ogres (D:4)
  A phantom (D:4)
  2 centaurs
  A wyvern skeleton (D:7)
  5 scorpions
  6 crimson imps
  A jelly (D:5)
  2 orc priests (D:6)
  Crazy Yiuf (D:4)
  A bullfrog skeleton (D:5)
  Ijyb (D:3)
  Jessica (D:5)
  A centaur skeleton (D:4)
  2 iguanas (D:5)
  An orc wizard (D:5)
  6 worker ants
  9 adders
  A shadow imp (D:6)
  An ooze (D:1)
  An adder skeleton (D:7)
  An adder zombie (D:7)
  A worm (D:4)
  2 dart slugs
  4 leopard geckos
  19 orcs
  6 bats
  6 giant cockroaches
  15 goblins
  6 hobgoblins
  10 jackals
  9 kobolds
  4 quokkas
  2 ball pythons
  4 frilled lizards
  7 rats
151 creatures vanquished.

Notes
Turn   | Place    | Note
-------+----------+-------------------------------------------
     0 | D:1      | Froggeryz the Gargoyle Gladiator began the quest for the
                  | Orb.
     0 | D:1      | Reached XP level 1. HP: 12/12 MP: 1/1
    58 | D:1      | Reached XP level 2. HP: 17/17 MP: 2/2
   165 | D:1      | Reached skill level 4 in Maces & Flails
   178 | D:1      | Reached XP level 3. HP: 17/21 MP: 3/3
   804 | D:2      | Reached XP level 4. HP: 26/26 MP: 4/4
  1020 | D:2      | Reached skill level 5 in Maces & Flails
  1684 | D:3      | Noticed Ijyb
  1698 | D:3      | Killed Ijyb
  1698 | D:3      | Reached XP level 5. HP: 22/30 MP: 5/5
  1878 | D:4      | Found a runed translucent door.
  1879 | D:4      | Noticed Crazy Yiuf
  2025 | D:4      | Reached skill level 6 in Maces & Flails
  2253 | D:4      | Found a hazy altar of Hepliaklqana.
  2281 | D:4      | Reached XP level 6. HP: 35/35 MP: 6/6
  2673 | D:4      | Noticed a phantom
  2689 | D:4      | Killed a phantom
  2969 | D:4      | Reached XP level 7. HP: 30/40 MP: 7/7
  3057 | D:4      | Reached skill level 7 in Maces & Flails
  3259 | D:4      | Killed Crazy Yiuf
  3311 | D:5      | Entered Level 5 of the Dungeon
  3369 | D:5      | Found a glowing golden altar of the Shining One.
  3403 | D:5      | Found a blossoming altar of Fedhas.
  3446 | D:5      | You fall into a shaft and drop 2 floors!
  3569 | D:6      | Reached skill level 8 in Maces & Flails
  3923 | D:6      | Reached XP level 8. HP: 35/44 MP: 8/8
  4200 | D:5      | Reached skill level 9 in Maces & Flails
  4563 | D:5      | Noticed Jessica
  4570 | D:5      | Found a shimmering blue altar of Sif Muna.
  4584 | D:5      | Killed Jessica
  4610 | D:5      | Reached skill level 10 in Maces & Flails
  4689 | D:5      | Found a radiant altar of Vehumet.
  4689 | D:5      | Found a sacrificial altar of Ru.
  4748 | D:5      | Found a shadowy altar of Dithmenos.
  4871 | D:5      | Found a staircase to the Ecumenical Temple.
  4908 | Temple   | Entered the Ecumenical Temple
  5279 | D:6      | Reached XP level 9. HP: 17/48 MP: 9/9
  5557 | D:6      | Noticed Pikel
  5592 | D:6      | Killed Pikel
  5592 | D:6      | Reached skill level 11 in Maces & Flails
  6415 | D:7      | Found a bloodstained altar of Trog.
  6533 | D:7      | Killed from afar by an orc priest

Levels and vault maps discovered:
D:1:      lightli_arrival_statue_moat, layout_loops_ring,
          chequers_serial_rivers_micro_b
D:2:      layout_loops_ring, nrook_mini_backslash, st_stairs_6,
          minmay_stone_trees_small, grunt_ministairs_10, minmay_goblin_outpost
D:3:      layout_basic, uniq_grinder, uniq_ijyb
D:4:      kennysheep_big_flooded_room, layout_layer_cave, lemuel_doored_altar,
          first_ration, uniq_crazy_yiuf_cottage
D:5:      minmay_thinvault, layout_gridville, fedhas_bush_and_centaur_altar,
          marbit_many_paths, nicolae_overflow_crystal_walls,
          gammafunk_temple_overflow_statue, minmay_temple_entry_fiery, tgw_sif
D:6:      layout_layer_cave, uniq_pikel
D:7:      layout_basic, nicolae_gozag_seed_capital, basic_altar, grunt_ogre_cave
Temple:   kb_temple_of_zot

Skill      XL: |  1  2  3  4  5  6  7  8  9 |
---------------+----------------------------+-----
Maces & Flails | 4 5 6 8 10 11 | 11.9
Shields        | 3 4 |  4.0
Fighting       | |  2.1
Throwing       | |  1.7
Dodging        | |  2.4

Action                   |  1- 3 |  4- 6 |  7- 9 || total
-------------------------+-------+-------+-------++-------
Melee: Flail             |    92 |   214 |    21 ||   327
       Mace              |       |       |   304 ||   304
Throw: Stone             |       |     5 |       ||     5
       Dart              |       |     1 |       ||     1
  Use: Potion            |       |       |     1 ||     1
  Eat: Chunk             |       |     7 |    10 ||    17
Armor: Leather armour    |    50 |   110 |   145 ||   305
Dodge: Dodged            |    73 |   172 |   173 ||   418
Block: Buckler           |       |       |    63 ||    63
